 Dungeon Crawl Stone Soup version 0.32-a0-473-gd044c6f0f0 (webtiles) character file.

Game seed: 8064828286181579702

7737 Malificent the Cleaver (level 11, -3/79 HPs)
             Began as a Demonspawn Wanderer on Feb 25, 2024.
             Was a Priest of Beogh.
             Slain by Norbak the orc apostle
             ... wielding a +3 long sword of holy wrath
              (5 damage)
             ... on level 9 of the Dungeon.
             The game lasted 00:42:19 (7766 turns).

Malificent the Cleaver (Demonspawn Wanderer)        Turns: 7766, Time: 00:42:20

Health: -3/79      AC: 11    Str: 17    XL:     11   Next: 0%
Magic:  0/16       EV: 13    Int: 11    God:    Beogh [***...]
Gold:   507        SH:  0    Dex: 16    Spells: 16/17 levels left

rFire   . . .        r - +1 hand axe "Wennoe" {speed, rElec Int+2}
rCold   . . .        (no shield)
rNeg    + + .        G - +2 leather armour "Iqots" {rN++}
rPois   .            (no helmet)
rElec   +            (no cloak)
rCorr   .            b - +1 pair of gloves
SInv    .            k - +2 pair of boots
Will    .....        m - amulet of regeneration
Stlth   ++           y - ring of wizardry
HPRegen 1.13/turn    (no ring)
MPRegen 0.30/turn

%: guardian spirit, wizardry (x1)
@: mighty
A: hooves 2, foul stench 1, magic shield, magic regeneration, weakness stinger
1, demonic touch 1
a: Renounce Religion, Smiting


You were on level 9 of the Dungeon.
You worshipped Beogh.
Beogh was most pleased with you.
You visited 1 branch of the dungeon, and saw 9 of its levels.

You collected 507 gold pieces.

Inventory:

Hand Weapons
 q - a +3 dagger of draining
 r - the +1 hand axe "Wennoe" (weapon) {speed, rElec Int+2}
   (You found it on level 3 of the Dungeon)

   Int+2:     It affects your intelligence (+2).
   rElec:     It insulates you from electricity.
 D - a +2 dagger of flaming
 H - a +5 scimitar
Missiles
 p - 17 poisoned darts
 K - a throwing net
Armour
 b - a +1 pair of gloves (worn)
 c - +0 acid dragon scales
 k - a +2 pair of boots (worn)
 v - a +0 cloak
 x - a +2 robe of fire resistance
 G - the +2 leather armour "Iqots" (worn) {rN++}
   (You found it on level 6 of the Dungeon)

   rN++:      It greatly protects you from negative energy.
 J - a +2 robe of willpower
Jewellery
 j - an amulet of the acrobat
 m - an amulet of regeneration (around neck)
 y - a ring of wizardry (left hand)
Talismans
 s - a dragon-blood talisman
 E - a serpent talisman
Wands
 d - a wand of quicksilver (11)
 B - a wand of roots (28) (quivered)
 C - a wand of polymorph (12)
 I - a wand of flame (19)
Scrolls
 e - a scroll of fog
 f - 2 scrolls of amnesia
 h - 4 scrolls of teleportation
 l - 3 scrolls of immolation
 A - a scroll of poison
 L - a scroll of identify
 M - a scroll of vulnerability {unknown}
Potions
 a - 3 potions of curing
 g - 3 potions of lignification
 i - a potion of mutation {unknown}
 n - a potion of resistance
 u - a potion of ambrosia {unknown}
 w - a potion of degeneration {unknown}
 z - a potion of berserk rage {unknown}
 F - a potion of invisibility {unknown}


   Skills:
 + Level 5.0 Fighting
 + Level 1.8 Short Blades
 * Level 9.3 Axes
 * Level 6.7 Armour
 + Level 3.6 Dodging
 + Level 1.4 Stealth
 + Level 1.8 Unarmed Combat
 + Level 3.7 Spellcasting
 * Level 6.9 Invocations
 * Level 3.1 Evocations
 * Level 4.9 Shapeshifting


You had 16 spell levels left.
You knew the following spells:

 Your Spells              Type           Power      Damage    Failure   Level
a - Foxfire               Conj/Fire      8%         2x1d4     12%         1

Your spell library contained the following spells:

 Spells                   Type           Power      Damage    Failure   Level
 Call Imp                 Summ           4%         N/A       17%         2
 Ensorcelled Hibernation  Hex/Ice        4%         N/A       17%         2
 Sublimation of Blood     Necr           2%         N/A       17%         2
 Fugue of the Fallen      Necr           2%         N/A       32%         3
 Gell's Gravitas          Tloc           2%         N/A       32%         3
 Sigil of Binding         Hex            2%         N/A       32%         3
 Teleport Other           Tloc           2%         N/A       32%         3
 Tukima's Dance           Hex            2%         N/A       32%         3
 Anguish                  Hex/Necr       1%         N/A       71%         4
 Animate Armour           Summ/Erth      4%         N/A       71%         4
 Ignite Poison            Fire/Alch      2%         N/A       71%         4
 Sticky Flame             Fire/Alch      2%         2d4       71%         4
 Summon Lightning Spire   Summ/Air       2%         N/A       71%         4
 Lee's Rapid Deconstruct  Erth           1%         3d4*      95%         5
 Summon Forest            Summ/Tloc      1%         N/A       95%         5
 Summon Mana Viper        Hex/Summ       2%         N/A       95%         5
 Dispersal                Tloc           1%         N/A       100%        6
 Summon Cactus Giant      Summ           1%         N/A       100%        6
 Summon Hydra             Summ           1%         N/A       100%        7
 Ignition                 Fire           1%         3d3       100%        8


Dungeon Overview and Level Annotations

Branches:
Dungeon (9/15)             Temple (0/1) D:6            Lair (0/5) D:8
    Orc: D:9-12

Altars:
Ashenzari
Cheibriados
Gozag
Nemelex Xobeh
Okawaru
Trog
Wu Jian

Shops:
D:2 =   D:8 *

Annotations:
D:6 2 transporters


Innate Abilities, Weirdness & Mutations

Your facial features look somewhat orcish.
You have hoof-like feet.
You may rarely emit foul miasma when damaged in melee.
When hurt, damage is shared between your health and your magic reserves.
You regenerate magic rapidly.
You have a small tail.
Your touch may inflict minor irresistible damage on your foes.


Message History

You hit Norbak but do no damage. Your touch misses Norbak.
Norbak is moderately wounded.
Norbak hits you with a +3 long sword of holy wrath.
You convulse!
You completely miss Norbak.
Your tail-slap misses Norbak.
Norbak is moderately wounded.
You barely miss Norbak. Your touch misses Norbak.
Norbak is moderately wounded.
Norbak hits you with a +3 long sword of holy wrath!
You convulse.
You hit Norbak but do no damage.
You touch Norbak!
Norbak is moderately wounded.
Norbak hits you with a +3 long sword of holy wrath!
You convulse.
You hit Norbak but do no damage.
Your tail-slap misses Norbak.
Norbak is moderately wounded.
You hit Norbak.
Norbak is heavily wounded.
Norbak hits you with a +3 long sword of holy wrath!!
You convulse!!
* * * LOW HITPOINT WARNING * * *
Things that are here:
a +2 dagger of flaming; 3 poisoned darts
Okay, then.
You feel better. Norbak hits you but does no damage.
You feel very mighty all of a sudden. Norbak barely misses you.
You hit Norbak.
Norbak is heavily wounded.
You barely miss Norbak.
You touch Norbak.
Norbak is heavily wounded.
Norbak hits you with a +3 long sword of holy wrath!
* * * LOW HITPOINT WARNING * * *
You convulse!
* * * LOW HITPOINT WARNING * * *
You completely miss Norbak.
Norbak is heavily wounded.
Norbak hits you with a +3 long sword of holy wrath.
You die...
Beogh appreciates Norbak's killing of a heretic priest.

. #......' #......#
..#......# ##+#......#
.........#..#....####.....
#........#..#....'..#.....
#........#..#....#..'.....
#........#..#....#..#.....
#.......)##'#....# ##.....
#######.o.....#### ..####
#.)@....+ ..# #.......#
#.......# #########


You could see Norbak the orc apostle (divinely empowered).

Vanquished Creatures
  Pikel (D:8)
  Maurice (D:8)
  Maggie (D:6)
  Jeremiah (D:8)
  A rime drake (D:8)
  3 polar bears (D:8)
  Prince Ribbit (D:7)
  2 dream sheep (D:9)
  Sigmund (D:3)
  A wyvern (D:9)
  A wraith (D:9)
  Grum (D:9)
  2 water moccasins (D:7)
  Duvessa (D:6)
  A black bear (D:6)
  5 ice beasts (D:8)
  2 sky beasts
  6 wolves
  2 centaurs
  2 ogres (D:4)
  The ghost of gosagan the Shooter, an amateur DEHu of Cheibriados (D:3)
  2 kobold brigands (D:9)
  2 scorpions
  3 bullfrogs
  A gnoll sergeant (D:9)
  8 wights
  Dowan (D:6)
  9 killer bees
  A howler monkey (D:6)
  A bullfrog zombie (D:3)
  2 hounds
  A jelly (D:4)
  Crazy Yiuf (D:3)
  3 orc priests
  2 gnoll boudas
  4 sleepcaps
  11 orc wizards
  2 iguanas
  A killer bee zombie (D:3)
  11 adders
  15 gnolls
  A shadow imp (D:3)
  2 ufetubi (D:7)
  3 dart slugs
  A ribbon worm (D:2)
  21 orcs
  5 bats
  6 endoplasms
  6 giant cockroaches
  6 goblins
  4 hobgoblins
  5 quokkas
  4 ball pythons
  4 frilled lizards
  19 kobolds
  6 rats
211 creatures vanquished.

Vanquished Creatures (others)
  3 orcs
3 creatures vanquished.

Grand Total: 214 creatures vanquished

Notes
Turn   | Place    | Note
-------+----------+-------------------------------------------
     0 | D:1      | Malificent the Demonspawn Wanderer began the quest for the
                  | Orb.
     0 | D:1      | Malificent set off with the following items: a +0 dagger, a
                  | +0 pair of gloves, a scroll of fear, a +0 leather armour, a
                  | scroll of fog; and the following spell memorised: Foxfire;
                  | and the following spells available to memorise: Fugue of
                  | the Fallen, Sigil of Binding, Tukima's Dance.
     0 | D:1      | Reached XP level 1. HP: 15/15 MP: 4/4
   179 | D:1      | Discovered your monstrous ancestry.
   179 | D:1      | Gained mutation: You have large cloven feet. [demonic
                  | ancestry]
   179 | D:1      | Reached XP level 2. HP: 20/21 MP: 6/6
   798 | D:2      | Gained mutation: Your touch may inflict minor irresistible
                  | damage on your foes. [demonic ancestry]
   798 | D:2      | Reached XP level 3. HP: 26/26 MP: 8/8
   831 | D:2      | Found a faded altar of an unknown god.
   950 | D:2      | Gained mutation: You have a small tail. [demonic ancestry]
   950 | D:2      | Reached XP level 4. HP: 24/33 MP: 9/9
  1267 | D:2      | Found Sestimm's Jewellery Shop.
  1431 | D:2      | Found an opulent altar of Gozag.
  1499 | D:3      | Reached XP level 5. HP: 36/38 MP: 10/10
  1542 | D:3      | Reached skill level 1 in Shapeshifting
  1551 | D:3      | Found a runed translucent door.
  1558 | D:3      | Noticed Crazy Yiuf
  1564 | D:3      | Killed Crazy Yiuf
  1565 | D:3      | Reached skill level 1 in Short Blades
  1620 | D:3      | Found a transporter.
  1624 | D:3      | Noticed gosagan's ghost (amateur DEHu)
  1625 | D:3      | Found a transporter.
  1745 | D:3      | Identified the +1 hand axe "Wennoe" {speed, rElec Int+2}
  1785 | D:3      | Noticed Sigmund
  1798 | D:3      | Killed Sigmund
  1799 | D:3      | Reached skill level 1 in Axes
  1799 | D:3      | Gained mutation: You may rarely emit foul miasma when
                  | damaged in melee. [demonic ancestry]
  1799 | D:3      | Reached XP level 6. HP: 44/44 MP: 11/11
  2348 | D:3      | Killed gosagan's ghost
  2447 | D:4      | Reached XP level 7. HP: 40/51 MP: 12/12
  2469 | D:4      | Reached skill level 2 in Axes
  2561 | D:4      | Reached skill level 3 in Axes
  3096 | D:5      | Entered Level 5 of the Dungeon
  3378 | D:5      | Became a worshipper of Beogh the Shepherd
  3412 | D:5      | Reached skill level 4 in Axes
  3412 | D:5      | Reached XP level 8. HP: 57/57 MP: 13/13
  3818 | D:6      | Identified the +2 leather armour "Iqots" {rN++}
  3957 | D:6      | Noticed Maggie
  3958 | D:6      | Reached skill level 5 in Axes
  4006 | D:6      | Reached * piety under Beogh
  4008 | D:6      | Reached skill level 5 in Armour
  4018 | D:6      | Killed Maggie
  4019 | D:6      | Gained mutation: You regenerate magic rapidly. [demonic
                  | ancestry]
  4019 | D:6      | Reached XP level 9. HP: 24/64 MP: 14/14
  4082 | D:6      | Found an iron altar of Okawaru.
  4088 | D:6      | Found a sparkling altar of Nemelex Xobeh.
  4114 | D:6      | Found a staircase to the Ecumenical Temple.
  4163 | D:6      | Found a transporter.
  4164 | D:6      | Found a broken altar of Ashenzari.
  4166 | D:6      | Noticed a kobold demonologist
  4233 | D:6      | Found a transporter.
  4326 | D:6      | Noticed Duvessa
  4329 | D:6      | Noticed Dowan
  4342 | D:6      | Killed Duvessa
  4350 | D:6      | Killed Dowan
  4351 | D:6      | Reached skill level 6 in Axes
  5321 | D:7      | Reached skill level 5 in Invocations
  5447 | D:7      | Reached skill level 1 in Evocations
  5506 | D:7      | Noticed Prince Ribbit
  5529 | D:7      | Killed Prince Ribbit
  5530 | D:7      | Reached skill level 7 in Axes
  5530 | D:7      | Reached skill level 1 in Stealth
  5847 | D:8      | Noticed Pikel
  5869 | D:8      | Killed Pikel
  5870 | D:8      | Gained mutation: When hurt, damage is shared between your
                  | health and your magic reserves. [demonic ancestry]
  5870 | D:8      | Reached XP level 10. HP: 67/71 MP: 15/15
  6168 | D:8      | Reached skill level 8 in Axes
  6172 | D:8      | Reached ** piety under Beogh
  6211 | D:8      | Found a staircase to the Lair.
  6213 | D:8      | Noticed Maurice
  6239 | D:8      | Killed Maurice
  6474 | D:8      | Noticed Jeremiah
  6485 | D:8      | Killed Jeremiah
  6613 | D:8      | Found Aivquole's Alliterative Armaments.
  6622 | D:8      | Found a bloodstained altar of Trog.
  7009 | D:9      | Reached skill level 9 in Axes
  7311 | D:9      | Noticed Grum
  7328 | D:9      | Killed Grum
  7580 | D:9      | Found an ornate altar of the Wu Jian Council.
  7616 | D:9      | Found a snail-covered altar of Cheibriados.
  7709 | D:9      | Reached *** piety under Beogh
  7711 | D:9      | Reached skill level 5 in Fighting
  7711 | D:9      | Gained mutation: You have hoof-like feet. [demonic
                  | ancestry]
  7711 | D:9      | Reached XP level 11. HP: 29/79 MP: 3/16
  7765 | D:9      | HP: 2/79 [Norbak the orc apostle/+3 long sword of holy
                  | wrath (14)]
  7766 | D:9      | Slain by Norbak the orc apostle

Illustrated notes

Levels and vault maps discovered:
D:1:      dpeg_arrival_three_same_balls, layout_loops_ring, minmay_tetromino_i2
D:2:      layout_rooms, basic_altar,
          dreamdust_ecumenical_altar_angels_and_demons, serial_shops,
          nicolae_shop_gaudy_bauble
D:3:      layout_basic, gammafunk_ghost_mausoleum, uniq_sigmund,
          uniq_crazy_yiuf_cottage
D:4:      layout_rooms
D:5:      layout_gridville
D:6:      layout_cave_pools, gammafunk_temple_overflow_arena,
          amethyst_overflow_temple_binary, minmay_temple_entry_glassed_door,
          serial_co_window_serial, co_window_corner_a, co_window_cross_1,
          co_window_paths_a, co_window_corner_a, co_window_corner_a,
          co_window_of_opportunity_a, co_window_corner_a,
          co_window_unsneaky_path_e, co_window_broadway_c, co_window_cross_2,
          co_window_of_opportunity_c, glass_columns_a, glass_columns_a,
          glass_columns_c, glass_columns_a, glass_columns_a, uniq_duvessa,
          uniq_maggie
D:7:      layout_loops_ring, uniq_prince_ribbit1
D:8:      layout_cave_pods, bloody_trog, hellmonk_lair_entry_icy,
          monkooky_shop_alliterative, uniq_pikel, uniq_maurice, uniq_jeremiah
D:9:      layout_gridville, nzn_wu_jian_council_hall, kennysheep_little_box,
          dreamdust_gnoll_shepherd, uniq_grum

Skill      XL: |  1  2  3  4  5  6  7  8  9 10 |
---------------+-------------------------------+-----
Armour         | 2 3 4 5 6 |  6.7
Shapeshifting  | 1 2 3 4 |  4.9
Short Blades   | 1 |  1.8
Dodging        | 2 3 |  3.6
Fighting       | 2 3 5 |  5.0
Axes           | 1 4 5 7 9 |  9.3
Invocations    | 4 5 6 |  6.9
Evocations     | 1 3 |  3.1
Stealth        | 1 |  1.4
Unarmed Combat | |  1.8
Spellcasting   | |  3.7

Action                     |  1- 3 |  4- 6 |  7- 9 | 10-12 || total
---------------------------+-------+-------+-------+-------++-------
  Melee: Dagger            |    88 |    50 |       |       ||   138
         Kick              |     9 |     9 |       |       ||    18
         Touch             |     2 |    19 |    64 |    46 ||   131
         Tailslap          |       |    16 |    55 |    46 ||   117
         Hand axe          |       |    57 |   366 |   235 ||   658
  Throw: Dart              |       |       |     4 |       ||     4
 Invoke: Convert to Beogh  |       |       |     1 |       ||     1
  Evoke: Wand              |       |       |     4 |    11 ||    15
    Use: Scroll            |     6 |     3 |     7 |       ||    16
         Potion            |       |     1 |     1 |     3 ||     5
   Stab: Sleeping          |       |       |     1 |       ||     1
 Armour: Leather armour    |    26 |       |   141 |   151 ||   318
         Chain mail        |    21 |    75 |   125 |       ||   221
  Dodge: Dodged            |    63 |    35 |   134 |   122 ||   354

Table legend: (Time is in decaauts)
 A = Elapsed time spent in this place.
 B = Non-inter-level travel time spent in this place.
 C = Inter-level travel time spent in this place.
 D = Time resting spent in this place.
 E = Time spent auto-exploring this place.
 F = Levels seen in this place.
 G = Mean time per level.
                   A        B        C        D        E       F      G
               +--------+--------+--------+--------+--------+-----+--------+
         Total |   7532 |   7374 |    158 |   1268 |   4119 |   9 |  836.9 |
       Dungeon |   7532 |   7374 |    158 |   1268 |   4119 |   9 |  836.9 |
               +--------+--------+--------+--------+--------+-----+--------+

Top non-repeatable levels by time:
     D:7: 1049 daAuts
     D:8: 1026 daAuts
     D:6: 930 daAuts
     D:3: 875 daAuts
     D:9: 836 daAuts
     D:1: 766 daAuts
     D:2: 722 daAuts
     D:4: 706 daAuts
     D:5: 617 daAuts
